 Dungeon Crawl Stone Soup version 0.31.0-1-g2c135a0 (webtiles) character file.

Game seed: 10339194030552318995

270 jagoly the Sneak (level 6, -2/49 HPs)
             Began as a Naga Alchemist on Jan 24, 2024.
             Slain by a black bear (11 damage)
             ... on level 4 of the Dungeon.
             The game lasted 00:13:55 (614 turns).

jagoly the Sneak (Naga Alchemist)                    Turns: 614, Time: 00:13:56

Health: -2/49      AC:  4    Str: 11    XL:     6   Next: 22%
Magic:  1/10       EV:  9    Int: 17    God:
Gold:   65         SH:  0    Dex: 11    Spells: 3/11 levels left

rFire   . . .        a - +0 dagger
rCold   + . .        (no shield)
rNeg    . . .        j - +0 robe
rPois   +            l - +0 helmet
rElec   .            (no cloak)
rCorr   .            (no gloves)
SInv    +            (no barding)
Will    .....        (no amulet)
Stlth   +++          m - ring of protection from cold
HPRegen 0.28/turn    (no ring)
MPRegen 0.12/turn

%: no passive effects
@: very slightly contaminated, very slow
A: AC +2, large, see invisible, deformed body, poison resistance, slowness 2,
spit poison 1, naga tail 1
a: Spit Poison


You were on level 4 of the Dungeon.
You visited 1 branch of the dungeon, and saw 4 of its levels.

You collected 85 gold pieces.
You spent 20 gold pieces at shops.

Inventory:

Hand Weapons
 a - a +0 dagger (weapon)
 c - a +0 whip
 k - a +0 spear
Missiles
 d - 5 stones (quivered)
 g - 2 poisoned darts
Armour
 j - a +0 robe (worn)
 l - a +0 helmet (worn)
Jewellery
 m - a ring of protection from cold (left hand)
Scrolls
 e - 3 scrolls of identify
 f - a scroll of noise {unknown}
 h - a scroll of revelation {unknown}
Potions
 b - a potion of heal wounds {unknown}
 i - 2 potions of curing


   Skills:
 - Level 1.5 Dodging
 - Level 6.0 Stealth
 - Level 3.0 Spellcasting
 - Level 1.7 Conjurations
 * Level 1.5 Fire Magic
 + Level 5.6 Alchemy


You had 3 spell levels left.
You knew the following spells:

 Your Spells              Type           Power      Damage    Failure   Level
a - Sting                 Conj/Alch      60%        1d6       3%          1
f - Mephitic Cloud        Conj/Alch/Air  10%        N/A       19%         3
g - Sticky Flame          Fire/Alch      14%        2d5       36%         4

Your spell library contained the following spells:

 Spells                   Type           Power      Damage    Failure   Level
 Mercury Vapours          Alch/Air       24%        N/A       9%          2
 Freeze                   Ice            8%         1d3       17%         1
 Ensorcelled Hibernation  Hex/Ice        4%         N/A       26%         2
 Lesser Beckoning         Tloc           4%         N/A       26%         2
 Hailstorm                Conj/Ice       5%         3d5       36%         3
 Frozen Ramparts          Ice            4%         1d1       45%         3
 Gell's Gravitas          Tloc           2%         N/A       45%         3
 Passwall                 Erth           2%         N/A       45%         3
 Swiftness                Air            2%         N/A       45%         3
 Teleport Other           Tloc           2%         N/A       45%         3
 Olgreb's Toxic Radiance  Alch           21%        N/A       17%         4


Dungeon Overview and Level Annotations

Branches:
Dungeon (4/15) Zot: 23211
 Temple: D:4-7

Altars:

Shops:
D:1 ?*   D:2 [


Innate Abilities, Weirdness & Mutations

Your serpentine skin is tough. (AC +2)
You have supernaturally acute eyesight. (SInv)
Armour fits poorly on your strangely shaped body.
Your system is resistant to poisons. (rPois)
You cover ground very slowly.
You can spit poison.
You have a snake-like lower body.


Message History

Aiming: Sting (safe; 5% risk of failure)
Press: ? - help, Shift-Dir - straight line, f/p - quokka
Aim: a quokka (60% to hit)
The sting misses the quokka.
The quokka bites you.
Cast which spell? (? or * to list)
Aiming: Sting (safe; 5% risk of failure)
Press: ? - help, Shift-Dir - straight line, f/p - quokka
Aim: a quokka (60% to hit)
The sting hits the quokka but does no damage.
The quokka is poisoned.
The quokka barely misses you. The quokka closely misses you.
Cast which spell? (? or * to list)
Aiming: Sting (safe; 5% risk of failure)
Press: ? - help, Shift-Dir - straight line, f/p - quokka
Aim: a quokka (poisoned, 60% to hit)
The sting hits the quokka.
The quokka looks even sicker.
The quokka is heavily wounded.
The quokka bites you.
Hit: a) +0 dagger
Press: ? - help, Dir - move target, f/p - quokka
Aim: a quokka (heavily wounded, very poisoned, about 50% to evade your +0 dagger)
You hit the quokka but do no damage.
The quokka is heavily wounded.
The quokka barely misses you.
Hit: a) +0 dagger
Press: ? - help, Dir - move target, f/p - quokka
Aim: a quokka (heavily wounded, very poisoned, about 50% to evade your +0 dagger)
You hit the quokka.
The quokka is severely wounded.
You kill the quokka!
Your magical contamination has completely faded away.
There is an open door, spattered with blood here.
There is an open door here.
Hit: a) +0 dagger
Press: ? - help, Dir - move target, f - Sigmund
Aim: Sigmund, wielding a +0 scythe and wearing a +0 robe (asleep, about 2% to evade your +0 dagger)
The helpless Sigmund fails to defend himself.
You puncture Sigmund!
Sigmund is heavily wounded.
Sigmund misses you.
Cast which spell? (? or * to list)
You don't know that spell.
Unknown command.
Cast which spell? (? or * to list)
Aiming: Mephitic Cloud (quite dangerous; 24% risk of failure)
Press: ? - help, Shift-Dir - straight line, f/p - Sigmund
Aim: Sigmund, wielding a +0 scythe and wearing a +0 robe (heavily wounded, chance to affect: 86%)
You miscast Mephitic Cloud.
You are very lightly contaminated with residual magic.
You are blasted with magical energy!
Magic courses through your body. Sigmund hits you with a +0 scythe.
* * * LOW HITPOINT WARNING * * *
Cast which spell? (? or * to list)
Aiming: Mephitic Cloud (quite dangerous; 24% risk of failure)
Press: ? - help, Shift-Dir - straight line, f/p - Sigmund
Aim: Sigmund, wielding a +0 scythe and wearing a +0 robe (heavily wounded, chance to affect: 86%)
The ball explodes into a vile cloud!
The stinking cloud engulfs Sigmund.
Sigmund is heavily wounded.
The stinking cloud engulfs you.
Sigmund is engulfed in noxious fumes.
Sigmund appears confused.
Sigmund barely misses you.
Hit: a) +0 dagger
Press: ? - help, Dir - move target, f/p - Sigmund
Aim: Sigmund, wielding a +0 scythe and wearing a +0 robe (noxious fumes, heavily wounded, confused, about 21% to evade your +0 dagger)
You hit Sigmund but do no damage.
Sigmund is heavily wounded.
Hit: a) +0 dagger
Press: ? - help, Dir - move target, f/p - Sigmund
Aim: Sigmund, wielding a +0 scythe and wearing a +0 robe (noxious fumes, heavily wounded, confused, about 21% to evade your +0 dagger)
You hit Sigmund.
Sigmund is heavily wounded.
Sigmund is engulfed in noxious fumes.
Sigmund appears confused.
Hit: a) +0 dagger
Press: ? - help, Dir - move target, f/p - Sigmund
Aim: Sigmund, wielding a +0 scythe and wearing a +0 robe (noxious fumes, heavily wounded, confused, about 21% to evade your +0 dagger)
You strike the helpless Sigmund from behind!
You hit Sigmund.
Sigmund is severely wounded.
Sigmund is engulfed in noxious fumes.
Sigmund appears confused.
Sigmund shouts, "What's happening?!"
Cast which spell? (? or * to list)
Aiming: Sting (safe; 5% risk of failure)
Press: ? - help, Shift-Dir - straight line, f/p - Sigmund
Aim: Sigmund, wielding a +0 scythe and wearing a +0 robe (severely wounded, confused, 90% to hit)
The sting hits Sigmund but does no damage.
Sigmund is poisoned.
Sigmund is severely wounded.
Cast which spell? (? or * to list)
Aiming: Sting (safe; 5% risk of failure)
Press: ? - help, Shift-Dir - straight line, f/p - Sigmund
Aim: Sigmund, wielding a +0 scythe and wearing a +0 robe (severely wounded, confused, poisoned, 90% to hit)
The sting misses Sigmund.
Cast which spell? (? or * to list)
Aiming: Sting (safe; 5% risk of failure)
Press: ? - help, Shift-Dir - straight line, f/p - Sigmund
Aim: Sigmund, wielding a +0 scythe and wearing a +0 robe (almost dead, confused, poisoned, 90% to hit)
The sting hits Sigmund.
Sigmund looks even sicker.
You kill Sigmund!
Training target 3.0 for Spellcasting reached!
Your Stealth skill increases to level 5!
Your Spellcasting skill increases to level 3!
Your Alchemy skill increases to level 5!
You have reached level 4!
You feel stronger.
You have reached level 5!
Your magical contamination has completely faded away.
Found a stone staircase leading up.
Things that are here:
a +0 scythe; a +0 robe; the human corpse of Sigmund
Okay, then.
Okay, then.
Okay, then.
This spell is extremely dangerous to cast!
You start memorising the spell.
You continue memorising. x4
You finish memorising.
Spell assigned to 'b'.
Adjust (i)tems, (s)pells, or (a)bilities?
Adjust which spell? b - Sticky Flame Adjust to which letter? g - Sticky Flame
There is a stone staircase leading up here.
You climb upwards.
Found 2 fuming clear potions.
Found Ugone's Assorted Antiques.
There is a stone staircase leading down here.
The helpless hobgoblin fails to defend itself.
You puncture the hobgoblin!
You kill the hobgoblin!
The hobgoblin shouts!
You hear a shout!
Cast which spell? (? or * to list)
Aiming: Sting (safe; 4% risk of failure)
Press: ? - help, Shift-Dir - straight line, f - hobgoblin
Aim: a hobgoblin (71% to hit)
The sting hits the hobgoblin.
The hobgoblin is poisoned.
The hobgoblin is moderately wounded.
The hobgoblin hits you but does no damage.
Cast which spell? (? or * to list)
Aiming: Sting (safe; 4% risk of failure)
Press: ? - help, Shift-Dir - straight line, f/p - hobgoblin
Aim: a hobgoblin (heavily wounded, poisoned, 71% to hit)
The sting hits the hobgoblin.
The hobgoblin looks even sicker.
You kill the hobgoblin!
A goblin comes into view. It is wielding a +0 dagger.
There is an entrance to Ugone's Assorted Antiques here.
Cast which spell? (? or * to list)
Aiming: Sting (safe; 4% risk of failure)
Press: ? - help, Shift-Dir - straight line, f - goblin
Aim: a goblin, wielding a +0 dagger (64% to hit)
The sting misses the goblin.
Cast which spell? (? or * to list)
Aiming: Sting (safe; 4% risk of failure)
Press: ? - help, Shift-Dir - straight line, f/p - goblin
Aim: a goblin, wielding a +0 dagger (64% to hit)
The sting hits the goblin.
The goblin is poisoned.
The goblin is heavily wounded.
You kill the goblin!
You can access your shopping list by pressing '$'.
i - 3 fuming clear potions (gained 2)
There is a stone staircase leading down here.
You climb downwards.
There is a stone staircase leading up here.
Found 4 stones.
Found 2 gold pieces.
Found 5 stones.
You now have 46 gold pieces (gained 2).
Found a stone staircase leading down.
Found a ring mail.
There is a stone staircase leading down here.
You climb downwards.
There is a stone staircase leading up here.
A bat comes into view.
Found a club.
A quokka comes into view.
Found a scroll of identify.
Found 11 gold pieces.
A dart slug comes into view.
Cast which spell? (? or * to list)
Aiming: Sting (safe; 4% risk of failure)
Press: ? - help, Shift-Dir - straight line, f - quokka
Aim: a quokka (wandering, hasn't noticed you, 60% to hit)
The sting hits the quokka.
The quokka is poisoned.
The quokka is almost dead.
Hit: a) +0 dagger
Press: ? - help, Dir - move target, f/p - quokka
Aim: a quokka (almost dead, poisoned, about 50% to evade your +0 dagger)
You barely miss the quokka.
The quokka is almost dead.
You kill the quokka!
The bat hits you but does no damage.
Hit: a) +0 dagger
Press: ? - help, Dir - move target, f - bat
Aim: a bat (about 54% to evade your +0 dagger)
You hit the bat.
You kill the bat!
The dart slug launches a dart at you.
The slug dart hits you but does no damage.
Found a scroll of identify.
The dart slug launches a dart at you. The slug dart hits you.
Cast which spell? (? or * to list)
Aiming: Sting (safe; 4% risk of failure)
Press: ? - help, Shift-Dir - straight line, f - dart slug
Aim: a dart slug (100% to hit)
The sting hits the dart slug.
The dart slug is poisoned.
The dart slug is lightly wounded.
The dart slug bites you.
Hit: a) +0 dagger
Press: ? - help, Dir - move target, f/p - dart slug
Aim: a dart slug (heavily wounded, poisoned, about 7% to evade your +0 dagger)
You hit the dart slug.
The dart slug is severely wounded.
You kill the dart slug!
Training target 6.0 for Stealth reached!
Your Stealth skill increases to level 6!
e - 2 scrolls of identify (gained 1)
You now have enough gold to buy 2 fuming clear potions on D:1.
You can access your shopping list by pressing '$'.
You now have 57 gold pieces (gained 11).
Found a book of Frost.
Found a stone staircase leading down.
Found a red potion.
A ball python and a quokka come into view.
You see here a scroll of identify.
e - 3 scrolls of identify (gained 1)
An adder comes into view.
Found 8 gold pieces.
The ball python hisses angrily.
Cast which spell? (? or * to list)
Aiming: Sting (safe; 4% risk of failure)
Press: ? - help, Shift-Dir - straight line, f - ball python
Aim: a ball python (68% to hit)
The sting hits the ball python.
The ball python is poisoned.
You kill the ball python!
The adder hisses angrily.
Cast which spell? (? or * to list)
Aiming: Sting (safe; 4% risk of failure)
Press: ? - help, Shift-Dir - straight line, f - quokka
Aim: a quokka (60% to hit)
The sting hits the quokka.
The quokka is poisoned.
The quokka is heavily wounded.
The quokka closely misses you.
Cast which spell? (? or * to list)
Aiming: Sting (safe; 4% risk of failure)
Press: ? - help, Shift-Dir - straight line, f - adder, p - quokka
Aim: an adder (53% to hit)
The sting hits the adder.
The adder is poisoned.
The adder is moderately wounded.
The quokka barely misses you.
Cast which spell? (? or * to list)
Aiming: Sting (safe; 4% risk of failure)
Press: ? - help, Shift-Dir - straight line, f/p - adder
Aim: an adder (lightly wounded, poisoned, 53% to hit)
The sting misses the adder.
The quokka bites you.
Cast which spell? (? or * to list)
Aiming: Sting (safe; 4% risk of failure)
Press: ? - help, Shift-Dir - straight line, f/p - adder
Aim: an adder (lightly wounded, poisoned, 53% to hit)
The sting hits the adder.
The adder looks even sicker.
The adder is heavily wounded.
The quokka bites you but does no damage.
The adder bites you. The quokka closely misses you.
Hit: a) +0 dagger
Press: ? - help, Dir - move target, f - quokka, p - adder
Aim: a quokka (almost dead, poisoned, about 50% to evade your +0 dagger)
You barely miss the quokka.
The quokka is almost dead.
You kill the quokka!
The adder bites you but does no damage.
Hit: a) +0 dagger
Press: ? - help, Dir - move target, f - adder
Aim: an adder (severely wounded, very poisoned, about 58% to evade your +0 dagger)
You hit the adder.
The adder is almost dead.
The adder bites you.
Hit: a) +0 dagger
Press: ? - help, Dir - move target, f/p - adder
Aim: an adder (almost dead, very poisoned, about 58% to evade your +0 dagger)
You barely miss the adder.
The adder is almost dead.
You kill the adder!
You have reached level 6!
Your skin feels tougher.
b - a red potion You now have 65 gold pieces (gained 8).
You pick up a book of Frost and begin reading...
You add the spells Freeze, Frozen Ramparts and Hailstorm to your library.
You open the door.
Found an escape hatch in the ceiling.
There is an open door here.
A frilled lizard and a quokka come into view.
Found an escape hatch in the floor.
There is a fountain of clear blue water here.
Cast which spell? (? or * to list)
Aiming: Sting (safe; 4% risk of failure)
Press: ? - help, Shift-Dir - straight line, f - quokka
Aim: a quokka (asleep, 100% to hit)
The sting hits the quokka.
The quokka is poisoned.
The quokka is almost dead.
Cast which spell? (? or * to list)
Aiming: Sting (safe; 4% risk of failure)
Press: ? - help, Shift-Dir - straight line, f/p - quokka
Aim: a quokka (almost dead, poisoned, 60% to hit)
Okay, then.
A bombardier beetle comes into view.
You kill the quokka!
A frilled lizard comes into view.
The bombardier beetle sprays incendiary fluid at you.
The burning spray misses you.
Cast which spell? (? or * to list)
You can't see any susceptible monsters within range! (Use Z to cast anyway.) Cast which spell? (? or * to list)
Aiming: Sting (safe; 4% risk of failure)
Press: ? - help, Shift-Dir - straight line, f - bombardier beetle
Aim: a bombardier beetle (83% to hit)
The sting hits the bombardier beetle but does no damage.
The bombardier beetle is poisoned.
Cast which spell? (? or * to list)
Aiming: Sting (safe; 4% risk of failure)
Press: ? - help, Shift-Dir - straight line, f/p - bombardier beetle
Aim: a bombardier beetle (lightly wounded, poisoned, 83% to hit)
The sting hits the bombardier beetle.
The bombardier beetle looks even sicker.
The bombardier beetle is lightly wounded.
Cast which spell? (? or * to list)
Aiming: Sting (safe; 4% risk of failure)
Press: ? - help, Shift-Dir - straight line, f/p - bombardier beetle
Aim: a bombardier beetle (moderately wounded, very poisoned, 83% to hit)
The sting hits the bombardier beetle but does no damage.
The bombardier beetle looks even sicker.
The bombardier beetle is moderately wounded.
Cast which spell? (? or * to list)
Aiming: Sting (safe; 4% risk of failure)
Press: ? - help, Shift-Dir - straight line, f/p - bombardier beetle
Aim: a bombardier beetle (severely wounded, very poisoned, 83% to hit)
The sting hits the bombardier beetle.
The bombardier beetle looks as sick as possible!
The bombardier beetle is severely wounded.
You kill the bombardier beetle!
Your Fire Magic skill increases to level 1!
Unknown command.
The frilled lizard misses you.
You miss the frilled lizard. The frilled lizard bites you.
You hit the frilled lizard.
You kill the frilled lizard!
You hit the frilled lizard.
You kill the frilled lizard!
No target in view!
A rat comes into view.
There is a stone staircase leading down here.
There is a stone staircase leading down here.
You barely miss the rat. The rat bites you but does no damage.
You hit the rat.
The rat is severely wounded.
The rat bites you.
You hit the rat.
You kill the rat!
No target in view!
You climb downwards.
Found a stone staircase leading down.
There is a stone staircase leading up here.
Cast which spell? (? or * to list)
Okay, then.
Unknown command.
A quokka comes into view.
The helpless endoplasm fails to defend itself.
You puncture the endoplasm!
You kill the endoplasm!
Found an escape hatch in the floor.
Cast which spell? (? or * to list)
Aiming: Sting (safe; 3% risk of failure)
Press: ? - help, Shift-Dir - straight line, f - quokka
Aim: a quokka (64% to hit)
The sting hits the quokka but does no damage.
The quokka is poisoned.
The quokka bites you.
Cast which spell? (? or * to list)
Aiming: Sting (safe; 3% risk of failure)
Press: ? - help, Shift-Dir - straight line, f/p - quokka
Aim: a quokka (moderately wounded, poisoned, 64% to hit)
The sting hits the quokka.
The quokka looks even sicker.
The quokka is severely wounded.
The quokka closely misses you.
Found a helmet.
The quokka attacks as it pursues you! The quokka bites you. x2
You kill the quokka!
A black bear comes into view.
A ball python comes into view.
Found a quarterstaff.
Found a jade ring.
You see here a +0 helmet.
You start putting on your armour.
You continue putting on your +0 helmet. x3
Magic restored.
You continue putting on your +0 helmet.
You finish putting on your +0 helmet.
m - a ring of protection from cold
m - a ring of protection from cold (left hand)
Found 18 gold pieces.
Unknown command.
An endoplasm comes into view.
The black bear growls angrily.
You hear a shout!
A hobgoblin comes into view.
Cast which spell? (? or * to list)
Aiming: Sting (safe; 3% risk of failure)
Press: ? - help, Shift-Dir - straight line, f - black bear
Aim: a black bear (81% to hit)
The sting hits the black bear.
The black bear is poisoned.
The black bear is lightly wounded.
Cast which spell? (? or * to list)
Aiming: Sting (safe; 3% risk of failure)
Press: ? - help, Shift-Dir - straight line, f/p - black bear
Aim: a black bear (lightly wounded, poisoned, 81% to hit)
The sting hits the black bear.
The black bear looks even sicker.
The black bear is lightly wounded.
Cast which spell? (? or * to list)
Aiming: Sting (safe; 3% risk of failure)
Press: ? - help, Shift-Dir - straight line, f/p - black bear
Aim: a black bear (lightly wounded, very poisoned, 81% to hit)
The sting hits the black bear but does no damage.
The black bear looks even sicker.
The black bear is lightly wounded.
The black bear barely misses you. x2
The black bear claws you but does no damage.
Cast which spell? (? or * to list)
Aiming: Sting (safe; 3% risk of failure)
Press: ? - help, Shift-Dir - straight line, f/p - black bear
Aim: a black bear (moderately wounded, very poisoned, 81% to hit)
The sting hits the black bear.
The black bear looks as sick as possible!
The black bear is moderately wounded.
The black bear barely misses you. x2
The black bear claws you but does no damage.
Cast which spell? (? or * to list)
Aiming: Sticky Flame (quite dangerous; 36% risk of failure)
Press: ? - help, Shift-Dir - straight line, f/p - black bear
Aim: a black bear (heavily wounded, extremely poisoned)
You miscast Sticky Flame.
You are very lightly contaminated with residual magic.
You are blasted with fire!
The endoplasm quivers.
The black bear bites you! The black bear misses you. The black bear claws you.
Cast which spell? (? or * to list)
You don't have enough magic to cast this spell.
Unknown command.
You aren't carrying any items that you can evoke.
Unknown command.
Unknown command.
Cast which spell? (? or * to list)
Aiming: Sting (safe; 3% risk of failure)
Press: ? - help, Shift-Dir - straight line, f/p - black bear
Aim: a black bear (heavily wounded, extremely poisoned, 81% to hit)
The sting hits the black bear.
The black bear looks as sick as possible!
The black bear is heavily wounded.
The black bear bites you.
* * * LOW HITPOINT WARNING * * *
The black bear claws you.
* * * LOW HITPOINT WARNING * * *
The black bear barely misses you.
Cast which spell? (? or * to list)
Aiming: Sting (safe; 3% risk of failure)
Press: ? - help, Shift-Dir - straight line, f/p - black bear
Aim: a black bear (heavily wounded, extremely poisoned, 81% to hit)
The sting hits the black bear.
The black bear looks as sick as possible!
The black bear is severely wounded.
* * * LOW MAGIC WARNING * * *
The hobgoblin hits you but does no damage.
The black bear barely misses you. The black bear claws you.
* * * LOW HITPOINT WARNING * * *
The black bear claws you but does no damage.
A kobold comes into view.
It is wielding a +2 vampiric short sword.
It was a potion of curing.
You feel better.
The black bear goes berserk!
The hobgoblin barely misses you.
Hit: a) +0 dagger
Press: ? - help, Dir - move target, f - black bear
Aim: a black bear (severely wounded, berserk, extremely poisoned, about 32% to evade your +0 dagger)
You closely miss the black bear.
The black bear is severely wounded.
The kobold shouts!
The black bear completely misses you. The black bear barely misses you.
The black bear claws you but does no damage.
The hobgoblin hits you but does no damage.
The black bear bites you!
* * * LOW HITPOINT WARNING * * *
The black bear claws you.
* * * LOW HITPOINT WARNING * * *
The black bear claws you but does no damage.
Hit: a) +0 dagger
Press: ? - help, Dir - move target, f/p - black bear
Aim: a black bear (almost dead, berserk, extremely poisoned, about 32% to evade your +0 dagger)
You completely miss the black bear.
The black bear is almost dead.
The black bear barely misses you. The black bear claws you.
* * * LOW HITPOINT WARNING * * *
The black bear claws you.
* * * LOW HITPOINT WARNING * * *
The hobgoblin hits you but does no damage.
Hit: a) +0 dagger
Press: ? - help, Dir - move target, f/p - black bear
Aim: a black bear (almost dead, berserk, extremely poisoned, about 32% to evade your +0 dagger)
You closely miss the black bear.
The black bear is almost dead.
The black bear bites you!
You die...

...#.. .# ....
#...#..###.#....#
#..........#....##
.................+
#...#......#....#
................##
#...#....J.##.....
...............# #
..$#.h@#..###.####.##
#...#.g...............
#...#.................
.............#.####.#
..K...........####.###
........#..............
#...#..##.<#.#..###.##
#...#......#.#....#
...#...#..#.##.#.# #


You could see a black bear (berserk, very poisoned), an endoplasm, a hobgoblin
and a kobold.

Vanquished Creatures
  Sigmund (D:2)
  A bombardier beetle (D:3)
  4 adders
  2 dart slugs
  A ball python (D:3)
  4 endoplasms
  A giant cockroach (D:2)
  4 goblins
  3 hobgoblins
  2 kobolds
  6 quokkas
  3 bats
  3 frilled lizards
  A rat (D:3)
36 creatures vanquished.

Notes
Turn   | Place    | Note
-------+----------+-------------------------------------------
     0 | D:1      | jagoly the Naga Alchemist began the quest for the Orb.
     0 | D:1      | Reached XP level 1. HP: 15/15 MP: 3/3
    51 | D:1      | Reached XP level 2. HP: 8/22 MP: 0/5
    99 | D:1      | Found Dosmakh's Magic Scroll Boutique.
   102 | D:1      | Bought a scroll of identify for 20 gold pieces
   142 | D:2      | Reached XP level 3. HP: 24/28 MP: 4/6
   240 | D:2      | Reached skill level 4 in Stealth
   263 | D:2      | Found Parghoakk's Antique Armour Shop.
   271 | D:2      | Noticed Sigmund
   277 | D:2      | Learned a level 3 spell: Mephitic Cloud
   318 | D:2      | Killed Sigmund
   319 | D:2      | Reached skill level 5 in Stealth
   319 | D:2      | Reached skill level 5 in Alchemy
   319 | D:2      | Reached XP level 4. HP: 19/36 MP: 1/8
   319 | D:2      | Reached XP level 5. HP: 23/42 MP: 1/9
   328 | D:2      | Learned a level 4 spell: Sticky Flame
   335 | D:1      | Found Ugone's Assorted Antiques.
   483 | D:3      | Reached skill level 6 in Stealth
   507 | D:3      | Reached XP level 6. HP: 42/49 MP: 4/10
   542 | D:3      | Reached skill level 1 in Fire Magic
   573 | D:4      | Noticed a black bear
   614 | D:4      | Slain by a black bear

Illustrated notes

Levels and vault maps discovered:
D:1:      dpeg_arrival_short_road, layout_basic, serial_shops, shop,
          nicolae_shop_behind_doors, shop, nicolae_shop_window_shopping,
          nicolae_diamond_shop
D:2:      layout_rooms, serial_shops, nicolae_shop_hallway_plus,
          ebering_dispersal_statue_hall, minmay_unequal, uniq_sigmund
D:3:      layout_basic, grunt_ministairs_13
D:4:      layout_basic, chequers_serial_rivers_small_3,
          kennysheep_generic_room_5

Skill      XL: |  1  2  3  4  5  6 |
---------------+-------------------+-----
Alchemy        | 4 5 |  5.6
Stealth        | 5 6 |  6.0
Spellcasting   | 3 |  3.0
Fire Magic     | 1 |  1.5
Dodging        | |  1.5
Conjurations   | |  1.7

Action                     |  1- 3 |  4- 6 || total
---------------------------+-------+-------++-------
  Melee: Unarmed           |    13 |       ||    13
         Whip              |    17 |       ||    17
         Dagger            |     8 |    17 ||    25
         Punch             |     2 |       ||     2
   Cast: Sting             |    26 |    24 ||    50
         Mephitic Cloud    |     1 |       ||     1
    Use: Potion            |     1 |     1 ||     2
   Stab: Sleeping          |     3 |     2 ||     5
         Confused          |     1 |       ||     1
 Armour: Robe              |    29 |    34 ||    63
  Dodge: Dodged            |    23 |    17 ||    40
